 Dungeon Crawl Stone Soup version 0.23-a0-577-g2b1de94 (console) character file.

1193 Duffy the Magician (level 8, -2/62 HPs)
             Began as a Naga Wizard on Dec 14, 2018.
             Slain by an orc priest
             ... wielding a +0 war axe
              (8 damage)
             ... on level 4 of the Dungeon.
             The game lasted 00:06:34 (4307 turns).

Duffy the Magician (Naga Wizard)                    Turns: 4307, Time: 00:06:35

Health: -2/62      AC:  8    Str:  9    XL:     8   Next: 43%
Magic:  27/27      EV: 10    Int: 21    God:
Gold:   152        SH:  0    Dex: 10    Spells: 10/21 levels left

rFire    . . .     SeeInvis +   u - +6 dagger of Xom {pierce, MP+9 Stlth+}
rCold    . . .     Gourm    .   (no shield)
rNeg     . . .     Faith    .   a - +0 robe
rPois    +         Spirit   .   b - +0 hat
rElec    .         Reflect  .   l - +0 cloak
rCorr    .         Harm     .   (no gloves)
MR       +....                  (no barding)
Stlth    +++.......             (no amulet)
HPRegen  0.20/turn              e - +4 ring of protection
MPRegen  0.20/turn              k - ring of flight

@: very slow
A: large, see invisible, deformed body, poison resistance, slowness 2, slow
metabolism 1, spit poison 1, AC +2
a: Spit Poison, Evoke Flight


You were on level 4 of the Dungeon.
You were hungry.

You visited 1 branch of the dungeon, and saw 7 of its levels.

You collected 152 gold pieces.

Inventory:

Hand Weapons
 h - a +0 blowgun
 u - the +6 dagger of Xom (weapon) {pierce, MP+9 Stlth+}
   (You found it on level 5 of the Dungeon)

   It inflicts extra damage upon your enemies.
   It affects your magic capacity (+9).
   It makes you more stealthy.
Missiles
 i - 22 poisoned needles
Armour
 a - a +0 robe (worn)
 b - a +0 hat (worn)
 l - a +0 cloak (worn)
Jewellery
 e - a +4 ring of protection (left hand)
 j - an uncursed ring of ice
 k - a ring of flight (right hand)
Scrolls
 c - 2 scrolls of remove curse {unknown}
 f - a scroll of fear {unknown}
 g - a scroll of immolation {unknown}
 m - a scroll of teleportation {unknown}
 n - a scroll of fog {unknown}
 o - 4 scrolls of identify {unknown}
 q - 2 scrolls of random uselessness {unknown}
 t - a scroll of blinking {unknown}
 x - a scroll of enchant armour {unknown}
 y - a scroll of acquirement {unknown}
Potions
 p - a potion of curing {unknown}
 r - a potion of flight {unknown}
 s - a potion of degeneration {unknown}
 v - a potion of berserk rage {unknown}
 w - a potion of resistance {unknown}
Comestibles
 d - 7 rations


   Skills:
 - Level 1.5 Dodging
 - Level 3.0 Stealth
 + Level 7.0 Spellcasting
 + Level 6.9 Conjurations
 - Level 1.0 Summonings
 - Level 1.0 Translocations


You had 10 spell levels left.
You knew the following spells:

 Your Spells              Type           Power        Failure   Level  Hunger
h - Magic Dart            Conj           ####         1%          1    None
i - Call Imp              Summ           ##......     9%          2    None
l - Conjure Flame         Conj/Fire      ###.....     6%          3    #......
o - Mephitic Cloud        Conj/Pois/Air  ###.....     10%         3    #......
B - Blink                 Tloc           N/A          9%          2    None

Your spell library contained the following spells:

 Spells                   Type           Power        Failure   Level  Hunger
 Summon Butterflies       Summ           ##......     6%          1    None
 Slow                     Hex            #.......     13%         2    None
 Summon Forest            Summ/Tloc      ##........   85%         5    #####..
 Summon Hydra             Summ           ##........   100%        7    #######


Dungeon Overview and Level Annotations

Branches:
Dungeon (7/15)
 Temple: D:4-7

Altars:
Hepliaklqana
Makhleb

Annotations:
D:5 exclusion: centaur


Innate Abilities, Weirdness & Mutations

You cannot wear boots.
Your serpentine skin is tough. (AC +2)
You have supernaturally acute eyesight. (SInv)
Armour fits poorly on your strangely shaped body.
Your system is resistant to poisons. (rPois)
You cover ground very slowly.
You have a slow metabolism.
You can spit poison.


Message History

You hit the orc priest but do no damage.
The jackal barely misses you.
The orc priest hits you with a +0 war axe.
The jackal barely misses you. The phantom hits you!
The jackal barely misses you. The phantom hits you. The jackal bites you.
You hit the jackal.
You kill the jackal!
The phantom hits you.
You hit the orc priest.
The orc priest is lightly wounded.
The phantom hits you but does no damage.
The orc priest hits you with a +0 war axe.
You puncture the orc priest!
The orc priest is severely wounded.
The phantom hits you.
The phantom blinks!
You hit the orc priest but do no damage.
The orc priest is severely wounded.
The orc priest hits you with a +0 war axe!
You die...

#...##.##.#.................##.#
#...##.##.##...............###.#
#...##.##....####.....####.# #.#
#...##....#..#(.##...##.)#.###.#
#...#........#...##.##..J#.....#
#...#####.##.##..%#.#...##.>####
#..#..##o'#.#'.##..##
##.....###o..###...##
#.......@08........#
#.#...###...###....#######
#####.#..## +#.#+ ##....#...#.
#.......## #.# ##.#.......
#...###.#.# ##.## #......... #.
#.#.# ##...## #.#....... #.# #
##.....####.#....... ##. #.#
..............##...... ##.. #.#
######..###.#####..<#.


You could see an orc priest and an ooze (sleeping).

Vanquished Creatures
  The ghost of Lavandula the Cudgeler, a novice HaEn (D:6)
  An ice beast (D:5)
  An ogre (D:5)
  A centaur (D:5)
  A bullfrog (D:6)
  A scorpion (D:4)
  A howler monkey (D:5)
  A crimson imp (D:7)
  A jelly (D:5)
  An orc priest (D:6)
  A hound (D:6)
  Terence (D:2)
  4 worker ants
  A howler monkey skeleton (D:7)
  5 adders
  A shadow imp (D:7)
  An adder skeleton (D:6)
  A dart slug (D:3)
  4 leopard geckos
  8 orcs
  A bat (D:3)
  4 giant cockroaches
  A goblin (D:2)
  2 hobgoblins
  5 jackals
  2 quokkas
  3 ball pythons
  A ball python skeleton (D:4)
  A frilled lizard (D:2)
  4 kobolds
  A leopard gecko skeleton (D:5)
62 creatures vanquished.

Vanquished Creatures (collateral kills)
  A wyvern (D:4)
  An ogre (D:6)
2 creatures vanquished.

Grand Total: 64 creatures vanquished

Notes
Turn   | Place    | Note
-------+----------+-------------------------------------------
     0 | D:1      | Duffy the Naga Wizard began the quest for the Orb.
     0 | D:1      | Reached XP level 1. HP: 15/15 MP: 4/4
   291 | D:2      | Noticed Terence
   302 | D:2      | Killed Terence
   302 | D:2      | Reached XP level 2. HP: 8/22 MP: 0/6
   302 | D:2      | Reached XP level 3. HP: 10/28 MP: 0/8
   308 | D:2      | Learned a level 3 spell: Conjure Flame
   312 | D:2      | Learned a level 3 spell: Mephitic Cloud
   500 | D:2      | Learned a level 2 spell: Call Imp
  1197 | D:3      | Reached XP level 4. HP: 36/36 MP: 2/9
  1401 | D:4      | Reached skill level 4 in Spellcasting
  1595 | D:5      | Entered Level 5 of the Dungeon
  1729 | D:5      | Noticed a centaur
  1781 | D:6      | Found a hazy altar of Hepliaklqana.
  1786 | D:6      | Identified the Tome of Summoning
  1795 | D:6      | Reached XP level 5. HP: 42/42 MP: 9/11
  1797 | D:6      | Noticed an ogre
  2235 | D:6      | Killed an ogre
  2235 | D:6      | Reached XP level 6. HP: 49/49 MP: 0/13
  2333 | D:6      | Learned a level 2 spell: Blink
  2422 | D:6      | Reached skill level 5 in Spellcasting
  2497 | D:6      | Found a burning altar of Makhleb.
  2847 | D:6      | Found a runed door.
  2855 | D:6      | Noticed Lavandula's ghost (novice HaEn)
  2865 | D:6      | Killed Lavandula's ghost
  2865 | D:6      | Reached skill level 5 in Conjurations
  2865 | D:6      | Reached XP level 7. HP: 42/55 MP: 8/15
  3036 | D:5      | Reached skill level 6 in Spellcasting
  3391 | D:5      | Got a dazzling dagger
  3392 | D:5      | Identified the +6 dagger of Xom {pierce, MP+9 Stlth+} (You
                  | found it on level 5 of the Dungeon)
  3529 | D:5      | Reached XP level 8. HP: 62/62 MP: 15/17
  4087 | D:4      | Noticed a wyvern
  4114 | D:4      | Killed a wyvern
  4114 | D:4      | Reached skill level 7 in Spellcasting
  4307 | D:4      | Slain by an orc priest

Vault maps used:
D:1:      minmay_arrival_loop
D:2:      first_ration, uniq_jessica, uniq_terence
D:3:      kennysheep_generic_room_7
D:4:      cheibrodos_barr_body, lemuel_blue_sif_altar, minivault_14
D:5:      dancing_weapons_uskayaw, minmay_fountain_box
D:6:      lemuel_doored_altar, overflow_temple_1_default, elyvilon_altar_3,
          ebering_ghost_reflecting_pool, minmay_misc_feat_five,
          kennysheep_generic_room_5
D:7:      tgw_fedhas, old_standard_altar, temple_doors_e, serial_corexii_hall,
          corexii_hall_statues_t, corexii_hall_statues_x, grunt_livestock

Skill      XL: |  1  2  3  4  5  6  7  8 |
---------------+-------------------------+-----
Conjurations   | 2 3 4 5 6 |  6.9
Spellcasting   | 4 5 6 7 |  7.0
Dodging        | |  1.5
Stealth        | |  3.0
Summonings     | |  1.0
Translocations | |  1.0

Action                   |  1- 3 |  4- 6 |  7- 9 || total
-------------------------+-------+-------+-------++-------
Melee: Dagger            |       |       |    48 ||    48
 Fire: Blowgun           |       |    13 |       ||    13
 Cast: Magic Dart        |    50 |    89 |    59 ||   198
       Call Imp          |       |     8 |     3 ||    11
       Conjure Flame     |       |     3 |     2 ||     5
       Blink             |       |       |     3 ||     3
 Abil: Spit Poison       |     7 |     9 |     2 ||    18
 Stab: Sleeping          |       |       |     7 ||     7
  Eat: Chunk             |       |     5 |     3 ||     8
Armor: Robe              |     4 |    36 |    26 ||    66
Dodge: Dodged            |     8 |    54 |    42 ||   104

Table legend:
 A = Non-vault XP
 B = Vault XP
 C = Vault XP percentage of total XP
 D = Non-vault monster count
 E = Vault monster count
 F = Vault count percentage of total count
                 A         B        C        D         E       F
            +---------+---------+-------+---------+---------+-------
      Total |    1031 |     674 |  39.5 |      54 |      10 |  15.6
            +---------+---------+-------+---------+---------+-------
        D:1 |       1 |       0 |   0.0 |       1 |       0 |   0.0
        D:2 |      25 |      36 |  59.0 |       7 |       1 |  12.5
        D:3 |      34 |       3 |   8.1 |       9 |       2 |  18.2
        D:4 |     127 |     206 |  61.9 |       9 |       3 |  25.0
        D:5 |     507 |       0 |   0.0 |      15 |       0 |   0.0
        D:6 |     273 |     383 |  58.4 |       9 |       3 |  25.0
        D:7 |      64 |      46 |  41.8 |       4 |       1 |  20.0
            +---------+---------+-------+---------+---------+-------
